 Dungeon Crawl Stone Soup version 0.17-a0-2028-g5c22979 (webtiles) character file.

42 jalm the Ruffian (level 3, 0/36 HPs)
             Began as a Troll Monk on Oct 10, 2015.
             Was a Believer of Kikubaaqudgha.
             Killed by nerve-wracking pain
             ... invoked by Jessica
              (5 damage)
             ... on level 2 of the Dungeon.
             The game lasted 00:03:43 (845 turns).

jalm the Ruffian (Troll Monk)                        Turns: 845, Time: 00:03:43

Health: 0/36       AC:  5    Str: 19    XL:     3   Next: 35%
Magic:  2/2        EV: 10    Int:  6    God:    Kikubaaqudgha [**....]
Gold:   72         SH:  0    Dex: 13    Spells: 0 memorised, 2 levels left

rFire  . . .     SeeInvis .       - Unarmed
rCold  . . .     Clarity  .     a - +0 robe
rNeg   . . .     SustAt   .     (no shield)
rPois  .         Gourm    +     (helmet restricted)
rElec  .         Spirit   .     (no cloak)
rCorr  .         Warding  .     (gloves unavailable)
rMut   .         Stasis   .     (boots unavailable)
MR     .....                    (no amulet)
Stlth  +.........               (no ring)
                                (no ring)

@: not resistant to hostile enchantments, very unstealthy
A: unfitting armour, claws 3, fast metabolism 3, gourmand, regeneration 2,
shaggy fur 1, tough skin 2
a: Receive Corpses, Renounce Religion


You were on level 2 of the Dungeon.
You worshipped Kikubaaqudgha.
Kikubaaqudgha was pleased with you.
You were very full.

You visited 1 branch of the dungeon, and saw 2 of its levels.

You collected 72 gold pieces.

Inventory:

Armour
 a - a +0 robe (worn)
 g - a +2 hat
Scrolls
 d - a scroll of fog {unknown}
 e - a scroll of remove curse {unknown}
 h - 2 scrolls of identify {unknown}
 i - a scroll of recharging {unknown}
Potions
 c - a potion of haste {unknown}
Books
 j - Kikubaaqudgha's Almanac of Evil
   (Kikubaaqudgha gifted it to you on level 2 of the Dungeon)

   Spells                             Type                      Level
   a - Pain                           Necromancy                   1
   b - Corpse Rot                     Necromancy                   2
   c - Sublimation of Blood           Necromancy                   2
   d - Vampiric Draining              Necromancy                   3
   e - Control Undead                 Necromancy                   4
Comestibles
 b - 2 bread rations
 f - 2 chunks of flesh


   Skills:
 - Level 2.4 Fighting
 - Level 2.4 Dodging
 - Level 1.1 Stealth
 + Level 5.2 Unarmed Combat


You had 2 spell levels left.
You didn't know any spells.

Dungeon Overview and Level Annotations

Branches:
Dungeon (2/15)

Altars:
Kikubaaqudgha

Annotations:
D:2 Jessica


Innate Abilities, Weirdness & Mutations

You are too large for most types of armour.
You have claws for hands.
Your metabolism is lightning-fast.
You like to eat raw meat.
You heal very quickly.
You are covered in fur (AC +1).
You have very tough skin (AC +2).


Message History

The jackal bites you but does no damage.
Jessica hits you.
* * * LOW HITPOINT WARNING * * *
The jackal barely misses you.
Jessica gestures wildly while chanting.
Jessica blinks!
The jackal bites you but does no damage.
Jessica hits you but does no damage. The jackal barely misses you.
Jessica closely misses you.
The jackal bites you but does no damage.
Jessica hits you.
* * * LOW HITPOINT WARNING * * *
Jessica barely misses you.
The jackal bites you but does no damage.
Jessica barely misses you. The jackal barely misses you.
Jessica barely misses you. The jackal misses you.
Jessica gestures at you while chanting. Pain shoots through your body!
You die...
Kikubaaqudgha rasps: "You have failed me!
Welcome... death!"

#.# #.<.# #.# #####.# #.#.#
##.###.....# #.# #.#.#
†...##.############ #.###.#.#
##.........#......# #.#...#.#
##..@......#......# #####.#.###.#
.........†.#....%.# #...........#
###.......)#......###...8.....#.#
.....h....÷....h@......8.8..#.#.#
###.<......#.....@###.8._.8.#.#.#
#........#......##...8.8..#.#.#
#...>....#......##....8...#.#.#
#........#................#.#.#
#........#........#.#...#.#.#.#
#........#####....#.#..[#.#.#
########## #....#.###.#.#
#....#.# #.#.#


You could see Jessica and a jackal.

Vanquished Creatures
  An adder (D:2)
  2 bats (D:1)
  2 hobgoblins
  10 jackals
  4 giant geckos
  A giant newt (D:2)
  3 goblins (D:1)
  4 rats
27 creatures vanquished.

Notes
Turn   | Place    | Note
--------------------------------------------------------------
     0 | D:1      | jalm the Troll Monk began the quest for the Orb.
     0 | D:1      | Reached XP level 1. HP: 22/22 MP: 0/0
   360 | D:1      | You fall through a shaft!
   365 | D:2      | Reached XP level 2. HP: 29/29 MP: 1/1
   585 | D:2      | Reached skill level 5 in Unarmed Combat
   593 | D:2      | Reached XP level 3. HP: 33/36 MP: 2/2
   606 | D:2      | Noticed Jessica
   787 | D:2      | Found a faded altar to an unknown god.
   801 | D:2      | Became a worshipper of Kikubaaqudgha
   801 | D:2      | Acquired Kikubaaqudgha's first power
   801 | D:2      | Received a gift from Kikubaaqudgha
   801 | D:2      | Acquired Kikubaaqudgha's second power
   801 | D:2      | Identified Kikubaaqudgha's Almanac of Evil (Kikubaaqudgha gifted it to you on level 2 of the Dungeon)
   845 | D:2      | Killed from afar by Jessica

Vault maps used:
D:1:      erik_arrival_triangle_large
D:2:      ecumenical_altar_2, first_bread, uniq_jessica

Action                   || total
-------------------------++-------
Melee: Unarmed           ||    73
  Eat: Chunk             ||    11
